AoeStats
← Dino Spumoni

Arabia

509223143Analyzed
1v1 RM · 6d ago on Sep 26, 2026· 41m 8s· 2 players
Game mode
Random Map
Map size
Tiny (2 player)
Population
200
Speed
Normal
Resources
Standard
Victory
Conquest
Starting age
Dark Age
Ending age
Imperial Age
RankedLock teamsTeams togetherTeam positionsShared explorationLock speedFull tech treeHidden civsTurbo modeCheats
Victory
Defeat
🇦🇷 Muisca · Argentina
1216
+16
🇨🇱 Mongols · Chile
1220
-16
aldu
3:24 Loom
10:26 Feudal Age
10:30 Champi Runner
14:40 Town Watch
15:57 Scale Mail Armor
19:59 Forging
23:09 Wheelbarrow
22:22 Horse Collar
22:27 Double-Bit Axe
27:36 Castle Age
26:36 Gold Mining
27:18 Fletching
27:44 Champi Warrior
28:53 Chain Mail Armor
29:34 Squires
34:29 Iron Casting
40:42 Hand Cart
Dino Spumoni
5:39 Loom
8:27 Feudal Age
11:42 Town Watch
14:06 Bloodlines
19:06 Scale Barding Armor
28:46 Castle Age
27:32 Forging
27:40 Fletching
30:51 Chain Barding Armor
31:07 Husbandry
32:42 Forging
Connection lost

Rejoining the realm…

Still unreachable

The connection could not be restored.

Session expired

The server has moved on; the page needs a fresh start.